TOP OF THE 1ST |
London Majors batting - Pitching for Trois-Riveres Aigles : LHP Alex Viera
|
Pitching: LHP Alex Viera
|
|
Batting: RHB Manny Elizondo
|
0-0: Foul Ball, location: 2F 0-1: Ball 1-1: Ball 2-1: Ball 3-1: Base on Balls
|
Batting: RHB Carlos Murillo
|
0-0: Ball 1-0: Swinging Strike 1-1: Foul Ball, location: 2F 1-2: Ball 2-2: Foul Ball, location: 2F 2-2: Strikes out swinging
|
Batting: RHB Mark Noftall
|
0-0: Called Strike 0-1: Called Strike 0-2: Strikes out looking
|
Batting: RHB Akira Kubo
|
0-0: Called Strike 0-1: Ball Manny Elizondo steals 2nd base 1-1: Fly out, F9 (Flyball, 9S, EV 96.2 MPH)
|
Top of the 1st over - 0 runs, 0 hits, 0 errors, 1 left on base; London 0 - Trois-Riveres 0 |
BOTTOM OF THE 1ST |
Trois-Riveres Aigles batting - Pitching for London Majors : LHP Antoine Herndon
|
Pitching: LHP Antoine Herndon
|
|
Batting: RHB Luis Jara
|
0-0: SINGLE (Line Drive, 8RS, EV 92.5 MPH)
|
Batting: RHB Dave Valdez
|
0-0: Grounds into double play, 5-4-3 (Groundball, 56S, EV 86.2 MPH)
|
Batting: RHB Kyler Seitz
|
0-0: Ball 1-0: Ball 2-0: Called Strike 2-1: Foul Ball, location: 2F 2-2: Ball 3-2: Foul Ball, location: 2F 3-2: Foul Ball, location: 2F 3-2: Foul Ball, location: 2F 3-2: Ground out 3-1 (Groundball, 34S, EV 83.8 MPH)
|
Bottom of the 1st over - 0 runs, 1 hit, 0 errors, 0 left on base; London 0 - Trois-Riveres 0 |
TOP OF THE 2ND |
London Majors batting - Pitching for Trois-Riveres Aigles : LHP Alex Viera
|
Batting: RHB Brandon Williams
|
0-0: Ball 1-0: Ball 2-0: Called Strike 2-1: Ball 3-1: Base on Balls
|
Batting: RHB Lao-che Zhu
|
0-0: Ball 1-0: Ball 2-0: Swinging Strike 2-1: Foul Ball, location: 2F 2-2: Ball 3-2: Foul Ball, location: 2F 3-2: Fly out, F7 (Flyball, 7LM, EV 106.2 MPH)
|
Batting: LHB Nate Greening
|
0-0: Ball 1-0: Ball 2-0: Grounds into double play, 5-4-3 (Groundball, 5, EV 102.5 MPH)
|
Top of the 2nd over - 0 runs, 0 hits, 0 errors, 0 left on base; London 0 - Trois-Riveres 0 |
BOTTOM OF THE 2ND |
Trois-Riveres Aigles batting - Pitching for London Majors : LHP Antoine Herndon
|
Batting: SHB Omar Cervantes
|
0-0: Foul Ball, location: 2F 0-1: Ball 1-1: Foul Ball, location: 2F 1-2: Ball 2-2: Ball 3-2: Foul Ball, location: 2F 3-2: Foul Ball, location: 2F 3-2: Foul Ball, location: 2F 3-2: Fly out, F7 (Line Drive, 7, EV 93.1 MPH)
|
Batting: RHB Bogumil Filipowski
|
0-0: Ground out 5-3 (Groundball, 5L, EV 94.4 MPH)
|
Batting: RHB Ben Saxton
|
0-0: Ball 1-0: Foul Ball, location: 2F 1-1: Ball 2-1: Swinging Strike 2-2: Strikes out looking
|
Bottom of the 2nd over - 0 runs, 0 hits, 0 errors, 0 left on base; London 0 - Trois-Riveres 0 |
TOP OF THE 3RD |
London Majors batting - Pitching for Trois-Riveres Aigles : LHP Alex Viera
|
Batting: RHB Benedikt Fleischmann
|
0-0: Called Strike 0-1: Swinging Strike 0-2: Strikes out swinging
|
Batting: RHB Jorge Alva
|
0-0: Fly out, F7 (Flyball, 7LD, EV 86.9 MPH)
|
Batting: RHB Manny Elizondo
|
0-0: Ball 1-0: Foul Ball, location: 2F 1-1: Called Strike 1-2: Strikes out swinging
|
Top of the 3rd over - 0 runs, 0 hits, 0 errors, 0 left on base; London 0 - Trois-Riveres 0 |
BOTTOM OF THE 3RD |
Trois-Riveres Aigles batting - Pitching for London Majors : LHP Antoine Herndon
|
Batting: RHB Tim Dower
|
0-0: Ball 1-0: Fly out, F8 (Flyball, 78M, EV 81.9 MPH)
|
Batting: RHB Willie Acevedo
|
0-0: Ball 1-0: Foul Ball, location: 2F 1-1: Foul Ball, location: 2F 1-2: Strikes out swinging
|
Batting: RHB Sandoval Serzedelo
|
0-0: Ball 1-0: Ball 2-0: Fly out, F6 (Popup, 6MS, EV 76.2 MPH)
|
Bottom of the 3rd over - 0 runs, 0 hits, 0 errors, 0 left on base; London 0 - Trois-Riveres 0 |
TOP OF THE 4TH |
London Majors batting - Pitching for Trois-Riveres Aigles : LHP Alex Viera
|
Batting: RHB Carlos Murillo
|
0-0: Ball 1-0: Called Strike 1-1: Ball 2-1: Swinging Strike 2-2: SINGLE (Groundball, 56D, EV 110.6 MPH)
|
Batting: RHB Mark Noftall
|
0-0: Swinging Strike 0-1: Called Strike 0-2: SINGLE (Line Drive, 6D, EV 95.0 MPH) Carlos Murillo to second
|
Batting: RHB Akira Kubo
|
0-0: Called Strike 0-1: Fly out, F8 (Flyball, 89M, EV 81.9 MPH)
|
Batting: RHB Brandon Williams
|
0-0: Ball 1-0: Ball 2-0: Ball 3-0: Called Strike 3-1: Called Strike 3-2: Foul Ball, location: 2F 3-2: Base on Balls Carlos Murillo to third Mark Noftall to second
|
Batting: RHB Lao-che Zhu
|
0-0: Swinging Strike 0-1: Ball 1-1: Grounds into double play, 5-4-3 (Groundball, 56S, EV 91.9 MPH)
|
Top of the 4th over - 0 runs, 2 hits, 0 errors, 2 left on base; London 0 - Trois-Riveres 0 |
BOTTOM OF THE 4TH |
Trois-Riveres Aigles batting - Pitching for London Majors : LHP Antoine Herndon
|
Batting: RHB Luis Jara
|
0-0: Ball 1-0: Ball 2-0: Ball 3-0: Called Strike 3-1: Ground out 4-3 (Groundball, 4, EV 82.5 MPH)
|
Batting: RHB Dave Valdez
|
0-0: Foul Ball, location: 2F 0-1: Ball 1-1: Swinging Strike 1-2: Ball 2-2: Strikes out swinging
|
Batting: RHB Kyler Seitz
|
0-0: Ball 1-0: Ball 2-0: Ball 3-0: Called Strike 3-1: Base on Balls
|
Batting: SHB Omar Cervantes
|
0-0: Called Strike 0-1: Swinging Strike 0-2: Strikes out swinging
|
Bottom of the 4th over - 0 runs, 0 hits, 0 errors, 1 left on base; London 0 - Trois-Riveres 0 |
TOP OF THE 5TH |
London Majors batting - Pitching for Trois-Riveres Aigles : LHP Alex Viera
|
Batting: LHB Nate Greening
|
0-0: Ball 1-0: Ball 2-0: Called Strike 2-1: Ball 3-1: Foul Ball, location: 2F 3-2: Foul Ball, location: 2F 3-2: Base on Balls
|
Batting: RHB Benedikt Fleischmann
|
0-0: Ball 1-0: Called Strike 1-1: Grounds into double play, 6-4-3 (Groundball, 6, EV 97.5 MPH)
|
Batting: RHB Jorge Alva
|
0-0: Ball 1-0: Ball 2-0: Ball 3-0: Base on Balls
|
Batting: RHB Manny Elizondo
|
0-0: Called Strike 0-1: Ball Jorge Alva steals 2nd, throwing error, E2 Jorge Alva to third 1-1: Foul Ball, location: 2F 1-2: Fly out, F7 (Flyball, 7, EV 95.6 MPH)
|
Top of the 5th over - 0 runs, 0 hits, 1 error, 1 left on base; London 0 - Trois-Riveres 0 |
BOTTOM OF THE 5TH |
Trois-Riveres Aigles batting - Pitching for London Majors : LHP Antoine Herndon
|
Batting: RHB Bogumil Filipowski
|
0-0: Ball 1-0: Fly out, F7 (Flyball, 78M, EV 79.4 MPH)
|
Batting: RHB Ben Saxton
|
0-0: Ball 1-0: Swinging Strike 1-1: Foul Ball, location: 2F 1-2: Strikes out swinging
|
Batting: RHB Tim Dower
|
0-0: Ball 1-0: Ball 2-0: Foul Ball, location: 2F 2-1: Swinging Strike 2-2: Fly out, F9 (Flyball, 9D, EV 106.2 MPH)
|
Bottom of the 5th over - 0 runs, 0 hits, 0 errors, 0 left on base; London 0 - Trois-Riveres 0 |
TOP OF THE 6TH |
London Majors batting - Pitching for Trois-Riveres Aigles : LHP Alex Viera
|
Batting: RHB Carlos Murillo
|
0-0: Called Strike 0-1: Called Strike 0-2: Ball 1-2: Ball 2-2: Ball 3-2: Strikes out swinging
|
Batting: RHB Mark Noftall
|
0-0: Ball 1-0: Foul Ball, location: 2F 1-1: Ball 2-1: Ball 3-1: Foul Ball, location: 2F 3-2: Ground out 6-3 (Groundball, 6, EV 85.0 MPH)
|
Batting: RHB Akira Kubo
|
0-0: Called Strike 0-1: Ball 1-1: Ball 2-1: Swinging Strike 2-2: Ball 3-2: Foul Ball, location: 2F 3-2: Foul Ball, location: 2F 3-2: Ground out 6-3 (Groundball, 56, EV 96.9 MPH)
|
Top of the 6th over - 0 runs, 0 hits, 0 errors, 0 left on base; London 0 - Trois-Riveres 0 |
BOTTOM OF THE 6TH |
Trois-Riveres Aigles batting - Pitching for London Majors : LHP Antoine Herndon
|
Batting: RHB Willie Acevedo
|
0-0: Called Strike 0-1: Swinging Strike 0-2: Ball 1-2: Strikes out looking
|
Batting: RHB Sandoval Serzedelo
|
0-0: Ball 1-0: Foul Ball, location: 2F 1-1: Ball 2-1: Foul Ball, location: 2F 2-2: Ground out 6-3 (Groundball, 56, EV 103.1 MPH)
|
Batting: RHB Luis Jara
|
0-0: Ball 1-0: Swinging Strike 1-1: Foul Ball, location: 2F 1-2: Ball 2-2: SINGLE (Groundball, 6MD, EV 96.9 MPH) (infield hit)
|
Batting: RHB Dave Valdez
|
0-0: Ground out 6-3 (Groundball, 6S, EV 90.0 MPH)
|
Bottom of the 6th over - 0 runs, 1 hit, 0 errors, 1 left on base; London 0 - Trois-Riveres 0 |
TOP OF THE 7TH |
London Majors batting - Pitching for Trois-Riveres Aigles : LHP Alex Viera
|
Batting: RHB Brandon Williams
|
0-0: Swinging Strike 0-1: Ball 1-1: Foul Ball, location: 2F 1-2: Ball 2-2: Ball 3-2: Foul Ball, location: 2F 3-2: SINGLE (Line Drive, 3D, EV 105.0 MPH)
|
Pinch Hitting: SHB Mike Fermin
|
0-0: Bunt missed! 0-1: Sac Bunt to 13 - play at first, batter OUT! 1-3 Brandon Williams to second
|
Batting: LHB Nate Greening
|
0-0: Called Strike 0-1: Ball 1-1: Ball 2-1: Fly out, F8 (Flyball, 8LD, EV 88.1 MPH)
|
Pinch Hitting: RHB Hanley Hernandez
|
0-0: Ball 1-0: Swinging Strike 1-1: Swinging Strike 1-2: Strikes out looking
|
Top of the 7th over - 0 runs, 1 hit, 0 errors, 1 left on base; London 0 - Trois-Riveres 0 |
BOTTOM OF THE 7TH |
Trois-Riveres Aigles batting - Pitching for London Majors : LHP Antoine Herndon
|
Now at 3B: Joy-shan Li
|
|
Now in CF: Ron de Vos
|
|
Now in RF: Jorge Alva
|
|
Batting: RHB Kyler Seitz
|
0-0: Called Strike 0-1: Foul Ball, location: 2F 0-2: Ground out 4-3 (Groundball, 4, EV 98.1 MPH)
|
Batting: SHB Omar Cervantes
|
0-0: Called Strike 0-1: Ball 1-1: Swinging Strike 1-2: Ball 2-2: Ball 3-2: Foul Ball, location: 2F 3-2: Base on Balls
|
Batting: RHB Bogumil Filipowski
|
0-0: Foul Ball, location: 2F 0-1: Ball 1-1: Foul Ball, location: 2F 1-2: Ball 2-2: Strikes out swinging
|
Batting: RHB Ben Saxton
|
0-0: Called Strike 0-1: Called Strike 0-2: Ball 1-2: Ball 2-2: Ground out 4-3 (Groundball, 4, EV 78.8 MPH)
|
Bottom of the 7th over - 0 runs, 0 hits, 0 errors, 1 left on base; London 0 - Trois-Riveres 0 |
TOP OF THE 8TH |
London Majors batting - Pitching for Trois-Riveres Aigles : LHP Alex Viera
|
Batting: RHB Jorge Alva
|
0-0: DOUBLE (Flyball, 8RXD, EV 107.5 MPH)
|
Pinch Hitting: RHB Chad Colyer
|
0-0: Intentional Walk
|
Batting: RHB Carlos Murillo
|
0-0: Ball 1-0: Fielders Choice at 2nd, 4-6 (Groundball, 4M, EV 104.4 MPH) Jorge Alva to third
|
Batting: RHB Mark Noftall
|
0-0: Foul Ball, location: 2F 0-1: Foul Ball, location: 2F 0-2: Ball 1-2: Ball 2-2: Ball Carlos Murillo steals 2nd base 3-2: Fly out, F7 (Line Drive, 78M, EV 100.0 MPH) Runner from 3rd tags up, SCORES, throw by LF Carlos Murillo to third
|
Pitching: LHP Min Xue
|
|
Batting: RHB Akira Kubo
|
0-0: Ball 1-0: Called Strike 1-1: Ball 2-1: Ball 3-1: Fly out, F9 (Line Drive, 9, EV 103.8 MPH)
|
Top of the 8th over - 1 run, 1 hit, 0 errors, 1 left on base; London 1 - Trois-Riveres 0 |
BOTTOM OF THE 8TH |
Trois-Riveres Aigles batting - Pitching for London Majors : LHP Antoine Herndon
|
Now in LF: Carlos Viera
|
|
Pinch Hitting: RHB Joe Hartigan
|
0-0: Called Strike 0-1: DOUBLE (Line Drive, 89XD, EV 110.0 MPH)
|
Pinch Hitting: RHB Jon Gonzales
|
0-0: Ball 1-0: Swinging Strike 1-1: Ball 2-1: Fly out, F7 (Flyball, 78M, EV 90.6 MPH)
|
Batting: RHB Sandoval Serzedelo
|
0-0: Called Strike 0-1: Foul Ball, location: 2F 0-2: SINGLE (Groundball, 6M, EV 90.0 MPH) (infield hit) Joe Hartigan to third
|
Pinch Hitting: LHB Ian Cranton
|
0-0: Ball 1-0: Foul Ball, location: 2F 1-1: Ball 2-1: Foul Ball, location: 2F 2-2: Ball 3-2: SINGLE (Groundball, 34D, EV 99.4 MPH) Joe Hartigan scores Sandoval Serzedelo to second Runner from 2nd tries for 3rd, SAFE, throw by RF made to third
|
Pitching: RHP Chris Mansfield
|
|
Pinch Hitting: RHB Gabe Wilcoxon
|
0-0: Swinging Strike 0-1: Ball 1-1: Ball 2-1: Called Strike 2-2: Strikes out looking
|
Batting: RHB Kyler Seitz
|
0-0: Foul Ball, location: 2F 0-1: SINGLE (Line Drive, 7LS, EV 91.9 MPH) Sandoval Serzedelo scores Ian Cranton to second
|
Pinch Runner at 2nd Gilbert Hoareau:
|
|
Batting: SHB Omar Cervantes
|
0-0: Ground out 3-1 (Groundball, 34, EV 81.9 MPH)
|
Bottom of the 8th over - 2 runs, 4 hits, 0 errors, 2 left on base; London 1 - Trois-Riveres 2 |
TOP OF THE 9TH |
London Majors batting - Pitching for Trois-Riveres Aigles : LHP Min Xue
|
Now at 1B: Gabe Wilcoxon
|
|
Now at 2B: Ryan Holzwart
|
|
Now at 3B: Bogumil Filipowski
|
|
Now in LF: Joe Hartigan
|
|
Now in CF: Gilbert Hoareau
|
|
Batting: RHB Brandon Williams
|
0-0: Called Strike 0-1: Ball 1-1: Called Strike 1-2: Foul Ball, location: 2F 1-2: Ball 2-2: Fly out, F8 (Flyball, 8RD, EV 78.8 MPH)
|
Pinch Hitting: RHB Bruce Ayotte
|
0-0: Ball 1-0: Called Strike 1-1: Swinging Strike 1-2: SINGLE (Groundball, 25, EV 69.4 MPH) (infield hit)
|
Pinch Hitting: SHB Willie de Gracia
|
0-0: Foul Ball, location: 2F 0-1: Ball 1-1: Foul Ball, location: 2F 1-2: Strikes out swinging
|
Batting: RHB Joy-shan Li
|
0-0: Ball 1-0: Ball 2-0: Called Strike 2-1: Ball 3-1: Base on Balls Bruce Ayotte to second
|
Batting: RHB Jorge Alva
|
0-0: Called Strike 0-1: Ball 1-1: Fielders Choice at 2nd, 6-4 (Groundball, 6, EV 108.1 MPH)
|
Top of the 9th over - 0 runs, 1 hit, 0 errors, 2 left on base; London 1 - Trois-Riveres 2 |
|